TOP OF THE 1ST |
Colorado Commanders batting - Pitching for Chula Vista Tacos : RHP Wayne Walker
|
Pitching: RHP Wayne Walker
|
|
Batting: SHB George Adams
|
0-0: Called Strike 0-1: Foul Ball, location: 2F 0-2: Strikes out looking
|
Batting: RHB Keith Jones
|
0-0: Ball 1-0: Fly out, F9 (Flyball, 9M)
|
Batting: LHB Rafael Delgado
|
0-0: Called Strike 0-1: Ball 1-1: Foul Ball, location: 2F 1-2: Foul Ball, location: 2F 1-2: Ground out 4-3 (Groundball, 4M)
|
Top of the 1st over - 0 run(s), 0 hit(s), 0 error(s), 0 left on base; Colorado 0 - Chula Vista 0 |
BOTTOM OF THE 1ST |
Chula Vista Tacos batting - Pitching for Colorado Commanders : RHP Kenshin Kubota
|
Pitching: RHP Kenshin Kubota
|
|
Batting: SHB Brian Price
|
0-0: Ball 1-0: Ball 2-0: Ball 3-0: Called Strike 3-1: Fly out, F6 (Popup, 7S)
|
Batting: SHB Adrián Nieto
|
0-0: Foul Ball, location: 2F 0-1: Ball 1-1: Ball 2-1: Foul Ball, location: 2F 2-2: Foul Ball, location: 2F 2-2: Ball 3-2: Foul Ball, location: 2F 3-2: Fly out, F7 (Flyball, 78S)
|
Batting: LHB Mario Olivares
|
0-0: Ball 1-0: Foul Ball, location: 2F 1-1: Fly out, F8 (Flyball, 8LM)
|
Bottom of the 1st over - 0 run(s), 0 hit(s), 0 error(s), 0 left on base; Colorado 0 - Chula Vista 0 |
TOP OF THE 2ND |
Colorado Commanders batting - Pitching for Chula Vista Tacos : RHP Wayne Walker
|
Batting: RHB Emílio Bruno
|
0-0: Ball 1-0: Foul Ball, location: 2F 1-1: Ball 2-1: SINGLE (Line Drive, 34)
|
Batting: RHB Joe Haley
|
0-0: Ball Emílio Bruno steals 2nd base 1-0: Fly out, F9 (Flyball, 9S)
|
Batting: RHB John Riley
|
0-0: Foul Ball, location: 2F 0-1: Foul Ball, location: 2F 0-2: Strikes out swinging
|
Batting: LHB John Nicholson
|
0-0: Called Strike 0-1: Foul Ball, location: 2F 0-2: Ball 1-2: Fly out, F7 (Flyball, 7LD)
|
Top of the 2nd over - 0 run(s), 1 hit(s), 0 error(s), 1 left on base; Colorado 0 - Chula Vista 0 |
BOTTOM OF THE 2ND |
Chula Vista Tacos batting - Pitching for Colorado Commanders : RHP Kenshin Kubota
|
Batting: RHB Scott Green
|
0-0: SOLO HOME RUN (Flyball, 7D), Distance : 404 ft
|
Batting: RHB Doug Brown
|
0-0: Ball 1-0: Ball 2-0: Called Strike 2-1: Foul Ball, location: 2F 2-2: Strikes out swinging
|
Batting: RHB Jorge Collazo
|
0-0: Called Strike 0-1: SINGLE (Line Drive, 8LS)
|
Batting: LHB José Torres
|
0-0: Ball 1-0: Hit by Pitch Jorge Collazo to second
|
Batting: RHB Luis Martínez
|
0-0: Ball 1-0: Ball 2-0: Ground out 5-3 (Groundball, 56S) Jorge Collazo to third José Torres to second
|
Batting: RHB Manuel Guerrero
|
0-0: Called Strike 0-1: Ground out 4-3 (Groundball, 4)
|
Bottom of the 2nd over - 1 run(s), 2 hit(s), 0 error(s), 2 left on base; Colorado 0 - Chula Vista 1 |
TOP OF THE 3RD |
Colorado Commanders batting - Pitching for Chula Vista Tacos : RHP Wayne Walker
|
Batting: SHB Scott Compton
|
0-0: Called Strike 0-1: Ground out U3 (Groundball, 3L)
|
Batting: RHB Xavier De La Cruz
|
0-0: Ground out 5-3 (Groundball, 5S)
|
Batting: SHB George Adams
|
0-0: Foul Ball, location: 2F 0-1: Ball 1-1: Swinging Strike 1-2: Strikes out looking
|
Top of the 3rd over - 0 run(s), 0 hit(s), 0 error(s), 0 left on base; Colorado 0 - Chula Vista 1 |
BOTTOM OF THE 3RD |
Chula Vista Tacos batting - Pitching for Colorado Commanders : RHP Kenshin Kubota
|
Batting: SHB Brian Price
|
0-0: Foul Ball, location: 2F 0-1: Swinging Strike 0-2: Fly out, F9 (Line Drive, 9M)
|
Batting: SHB Adrián Nieto
|
0-0: Ball 1-0: Called Strike 1-1: Called Strike 1-2: Ball 2-2: Fly out, F7 (Line Drive, 78S)
|
Batting: LHB Mario Olivares
|
0-0: Ball 1-0: Ground out 4-3 (Groundball, 4)
|
Bottom of the 3rd over - 0 run(s), 0 hit(s), 0 error(s), 0 left on base; Colorado 0 - Chula Vista 1 |
TOP OF THE 4TH |
Colorado Commanders batting - Pitching for Chula Vista Tacos : RHP Wayne Walker
|
Batting: RHB Keith Jones
|
0-0: Ball 1-0: Ball 2-0: Called Strike 2-1: Ball 3-1: Base on Balls
|
Batting: LHB Rafael Delgado
|
0-0: Ball 1-0: Grounds into double play, 4-6-3 (Groundball, 4)
|
Batting: RHB Emílio Bruno
|
0-0: Reached on error, E6 (Groundball, 6)
|
Batting: RHB Joe Haley
|
0-0: Ball Emílio Bruno is caught stealing 2nd base
|
Top of the 4th over - 0 run(s), 0 hit(s), 1 error(s), 0 left on base; Colorado 0 - Chula Vista 1 |
BOTTOM OF THE 4TH |
Chula Vista Tacos batting - Pitching for Colorado Commanders : RHP Kenshin Kubota
|
Batting: RHB Scott Green
|
0-0: Ball 1-0: Ball 2-0: Ball 3-0: Called Strike 3-1: Base on Balls
|
Batting: RHB Doug Brown
|
0-0: Called Strike 0-1: Swinging Strike 0-2: DOUBLE (Line Drive, 7D) Scott Green to third Runner from 3rd tries for Home, SAFE, no throw or cutoff
|
Pinch Runner at 2nd Noriaki Sangi:
|
|
Batting: RHB Jorge Collazo
|
0-0: Swinging Strike 0-1: Ball 1-1: Ball 2-1: Ball 3-1: Foul Ball, location: 2F 3-2: Strikes out looking
|
Batting: LHB José Torres
|
0-0: Foul Ball, location: 2F 0-1: Ball 1-1: Foul Ball, location: 2F 1-2: Strikes out swinging
|
Batting: RHB Luis Martínez
|
0-0: Called Strike 0-1: Ball 1-1: Fly out, F5 (Popup, 56S)
|
Bottom of the 4th over - 1 run(s), 1 hit(s), 0 error(s), 1 left on base; Colorado 0 - Chula Vista 2 |
TOP OF THE 5TH |
Colorado Commanders batting - Pitching for Chula Vista Tacos : RHP Wayne Walker
|
Now at C: Noriaki Sangi
|
|
Batting: RHB Joe Haley
|
0-0: Foul Ball, location: 2F 0-1: Foul Ball, location: 2F 0-2: Ball 1-2: Foul Ball, location: 2F 1-2: Ball 2-2: Hit by Pitch
|
Batting: RHB John Riley
|
0-0: Foul Ball, location: 2F 0-1: Foul Ball, location: 2F 0-2: Ball 1-2: Ball 2-2: Strikes out swinging
|
Batting: LHB John Nicholson
|
0-0: Ground out 3-1 (Groundball, 34) Joe Haley to second
|
Batting: SHB Scott Compton
|
0-0: Fly out, F8 (Flyball, 8RM)
|
Top of the 5th over - 0 run(s), 0 hit(s), 0 error(s), 1 left on base; Colorado 0 - Chula Vista 2 |
BOTTOM OF THE 5TH |
Chula Vista Tacos batting - Pitching for Colorado Commanders : RHP Kenshin Kubota
|
Batting: RHB Manuel Guerrero
|
0-0: Swinging Strike 0-1: Ball 1-1: Swinging Strike 1-2: Strikes out swinging
|
Batting: SHB Brian Price
|
0-0: Called Strike 0-1: SINGLE (Groundball, 34D)
|
Batting: SHB Adrián Nieto
|
0-0: Called Strike 0-1: Ball 1-1: Foul Ball, location: 2F 1-2: Foul Ball, location: 2F 1-2: Strikes out looking
|
Batting: LHB Mario Olivares
|
0-0: Fly out, F8 (Flyball, 8RD)
|
Bottom of the 5th over - 0 run(s), 1 hit(s), 0 error(s), 1 left on base; Colorado 0 - Chula Vista 2 |
TOP OF THE 6TH |
Colorado Commanders batting - Pitching for Chula Vista Tacos : RHP Wayne Walker
|
Batting: RHB Xavier De La Cruz
|
0-0: SINGLE (Line Drive, 56D)
|
Batting: SHB George Adams
|
0-0: Foul Ball, location: 2F 0-1: Ball 1-1: Fly out, F9 (Flyball, 9M)
|
Batting: RHB Keith Jones
|
0-0: Ball 1-0: Called Strike 1-1: Ball 2-1: Ball 3-1: SINGLE (Groundball, 56) Xavier De La Cruz to second
|
Batting: LHB Rafael Delgado
|
0-0: Ball 1-0: Ground out 5-3 (Groundball, 5S) Xavier De La Cruz to third Keith Jones to second
|
Batting: RHB Emílio Bruno
|
0-0: Ball 1-0: Ball 2-0: Foul Ball, location: 2F 2-1: Swinging Strike 2-2: Strikes out swinging
|
Top of the 6th over - 0 run(s), 2 hit(s), 0 error(s), 2 left on base; Colorado 0 - Chula Vista 2 |
BOTTOM OF THE 6TH |
Chula Vista Tacos batting - Pitching for Colorado Commanders : RHP Kenshin Kubota
|
Batting: RHB Scott Green
|
0-0: Foul Ball, location: 2F 0-1: Foul Ball, location: 2F 0-2: Ball 1-2: Strikes out swinging
|
Batting: LHB Noriaki Sangi
|
0-0: Swinging Strike 0-1: Ball 1-1: Ball 2-1: Ball 3-1: Base on Balls
|
Batting: RHB Jorge Collazo
|
0-0: Foul Ball, location: 2F 0-1: Ball 1-1: Ball 2-1: Ball 3-1: Swinging Strike 3-2: Strikes out swinging
|
Pitching: RHP Christian Camden
|
|
Batting: LHB José Torres
|
0-0: Ball 1-0: Swinging Strike 1-1: Ball 2-1: Called Strike 2-2: Strikes out looking
|
Bottom of the 6th over - 0 run(s), 0 hit(s), 0 error(s), 1 left on base; Colorado 0 - Chula Vista 2 |
TOP OF THE 7TH |
Colorado Commanders batting - Pitching for Chula Vista Tacos : RHP Wayne Walker
|
Batting: RHB Joe Haley
|
0-0: Ball 1-0: SINGLE (Line Drive, 7LS)
|
Batting: RHB John Riley
|
0-0: Ball 1-0: Called Strike 1-1: Called Strike Throwing error on steal attempt, E2 Joe Haley to third 1-2: Fly out, F5 (Popup, 56S)
|
Batting: LHB John Nicholson
|
0-0: Called Strike 0-1: Ball 1-1: Ball 2-1: Foul Ball, location: 2F 2-2: Strikes out swinging
|
Batting: SHB Scott Compton
|
0-0: Called Strike 0-1: Foul Ball, location: 2F 0-2: Ground out 4-3 (Groundball, 4M)
|
Top of the 7th over - 0 run(s), 1 hit(s), 1 error(s), 1 left on base; Colorado 0 - Chula Vista 2 |
BOTTOM OF THE 7TH |
Chula Vista Tacos batting - Pitching for Colorado Commanders : RHP Christian Camden
|
Batting: RHB Luis Martínez
|
0-0: Foul Ball, location: 2F 0-1: Ball 1-1: Ball 2-1: Ball 3-1: Base on Balls
|
Batting: RHB Manuel Guerrero
|
0-0: Sac Bunt - play at first, batter OUT! 4-3 Luis Martínez to second
|
Batting: SHB Brian Price
|
0-0: Foul Ball, location: 2F 0-1: Ground out 4-3 (Groundball, 4) Luis Martínez to third
|
Batting: SHB Adrián Nieto
|
0-0: Ball 1-0: Ball 2-0: Ground out 6-3 (Groundball, 6M)
|
Bottom of the 7th over - 0 run(s), 0 hit(s), 0 error(s), 1 left on base; Colorado 0 - Chula Vista 2 |
TOP OF THE 8TH |
Colorado Commanders batting - Pitching for Chula Vista Tacos : RHP Wayne Walker
|
Now at SS: José Aranda
|
|
Now in LF: Jaime Icaza
|
|
Batting: RHB Xavier De La Cruz
|
0-0: Swinging Strike 0-1: Foul Ball, location: 2F 0-2: Foul Ball, location: 2F 0-2: Strikes out swinging
|
Pitching: RHP Doug Singleton
|
|
Batting: SHB George Adams
|
0-0: Foul Ball, location: 2F 0-1: Called Strike 0-2: Foul Ball, location: 2F 0-2: Strikes out swinging
|
Batting: RHB Keith Jones
|
0-0: Fly out, F9 (Flyball, 89M)
|
Top of the 8th over - 0 run(s), 0 hit(s), 0 error(s), 0 left on base; Colorado 0 - Chula Vista 2 |
BOTTOM OF THE 8TH |
Chula Vista Tacos batting - Pitching for Colorado Commanders : RHP Christian Camden
|
Batting: LHB Mario Olivares
|
0-0: Swinging Strike 0-1: Ball 1-1: Ball 2-1: Ball 3-1: Swinging Strike 3-2: Strikes out swinging
|
Batting: RHB Scott Green
|
0-0: Ground out 6-3 (Groundball, 6)
|
Batting: LHB Noriaki Sangi
|
0-0: SOLO HOME RUN (Flyball, 9D), Distance : 391 ft
|
Batting: RHB Jorge Collazo
|
0-0: Called Strike 0-1: Ball 1-1: Called Strike 1-2: Strikes out swinging
|
Bottom of the 8th over - 1 run(s), 1 hit(s), 0 error(s), 0 left on base; Colorado 0 - Chula Vista 3 |
TOP OF THE 9TH |
Colorado Commanders batting - Pitching for Chula Vista Tacos : RHP Doug Singleton
|
Pitching: LHP Geoff Williams
|
|
Batting: LHB Rafael Delgado
|
0-0: Called Strike 0-1: Swinging Strike 0-2: Ball 1-2: Ball 2-2: Strikes out swinging
|
Batting: RHB Emílio Bruno
|
0-0: Ball 1-0: Foul Ball, location: 2F 1-1: Fly out, F7 (Flyball, 78M)
|
Batting: RHB Joe Haley
|
0-0: Foul Ball, location: 2F 0-1: Called Strike 0-2: Ball 1-2: Ground out 3-1 (Groundball, 3)
|
Top of the 9th over - 0 run(s), 0 hit(s), 0 error(s), 0 left on base; Colorado 0 - Chula Vista 3 |
|